SL
GRAFTON MIDDIES @ FT. WORTH CATTLEMEN
07/07/2029
 
TOP OF THE 1ST
Grafton Middies batting - Pitching for Ft. Worth Cattlemen : RHP Mack MacDonald
Pitching: RHP Mack MacDonald
Batting: RHB Pedro Santos 0-0: Swinging Strike
0-1: Called Strike
0-2: Foul Ball, location: 2F
0-2: Strikes out swinging
Batting: RHB Carlos Maldonado 0-0: Called Strike
0-1: Ball
1-1: Called Strike
1-2: Ground out 1-3 (Groundball, P)
Batting: LHB Mario Ramos 0-0: Ball
1-0: Foul Ball, location: 2F
1-1: Foul Ball, location: 2F
1-2: Strikes out swinging
Top of the 1st over - 0 runs, 0 hits, 0 errors, 0 left on base; Grafton 0 - Ft. Worth 0
BOTTOM OF THE 1ST
Ft. Worth Cattlemen batting - Pitching for Grafton Middies : LHP António Muńóz
Pitching: LHP António Muńóz
Batting: LHB Jesús Morales 0-0: Ball
1-0: Ball
2-0: Ball
3-0: Called Strike
3-1: Called Strike
3-2: Base on Balls
Batting: LHB Chris Etheridge 0-0: Called Strike
Jesús Morales is caught stealing 2nd base
0-1: Foul Ball, location: 2F
0-2: Ball
1-2: SINGLE (Groundball, 4M) (infield hit)
Batting: RHB Bart Lewis 0-0: Called Strike
0-1: Called Strike
0-2: Ball
1-2: Ball
2-2: Ball
3-2: Ground out 5-3 (Groundball, 56S)
Chris Etheridge to second
Batting: RHB Gilberto Juárez 0-0: Ball
1-0: Called Strike
1-1: Ball
2-1: Swinging Strike
2-2: Strikes out swinging
Bottom of the 1st over - 0 runs, 1 hit, 0 errors, 1 left on base; Grafton 0 - Ft. Worth 0
TOP OF THE 2ND
Grafton Middies batting - Pitching for Ft. Worth Cattlemen : RHP Mack MacDonald
Batting: LHB Jorge Flores 0-0: Fly out, F2 (Popup, 25F)
Batting: RHB Stefano Gaddi 0-0: Called Strike
0-1: Foul Ball, location: 2F
0-2: Ball
1-2: Strikes out swinging
Batting: RHB Cristo González 0-0: Foul Ball, location: 2F
0-1: Ball
1-1: Foul Ball, location: 2F
1-2: Ball
2-2: Strikes out swinging
Top of the 2nd over - 0 runs, 0 hits, 0 errors, 0 left on base; Grafton 0 - Ft. Worth 0
BOTTOM OF THE 2ND
Ft. Worth Cattlemen batting - Pitching for Grafton Middies : LHP António Muńóz
Batting: RHB Abílio Conceio 0-0: DOUBLE (Line Drive, 89D)
Batting: SHB Robby Day 0-0: Called Strike
0-1: Swinging Strike
0-2: SINGLE (Flyball, 56D)
Abílio Conceio to third
Runner from 3rd tries for Home, SAFE, no throw
Batting: LHB Nobuo Yamashita 0-0: Called Strike
0-1: Called Strike
0-2: Ball
1-2: Strikes out swinging
Batting: LHB Rick Mayfield 0-0: Ball
1-0: Foul Ball, location: 2F
1-1: Swinging Strike
1-2: Foul Ball, location: 2F
1-2: Ball
2-2: Ball
3-2: Foul Ball, location: 2F
3-2: Foul Ball, location: 2F
3-2: Strikes out swinging
Batting: RHB Orlando Montoya 0-0: Ball
1-0: Ball
2-0: Fly out, F3 (Popup, 34)
Bottom of the 2nd over - 1 run, 2 hits, 0 errors, 1 left on base; Grafton 0 - Ft. Worth 1
TOP OF THE 3RD
Grafton Middies batting - Pitching for Ft. Worth Cattlemen : RHP Mack MacDonald
Batting: RHB Dave Ash 0-0: Ball
1-0: Bunt for hit - play at first, batter OUT! 1-3
Batting: LHB John Meléndez 0-0: Called Strike
0-1: Foul Ball, location: 2F
0-2: Ball
1-2: Strikes out swinging
Batting: LHB Phil MacNamara 0-0: Ball
1-0: Ball
2-0: Ball
3-0: Base on Balls
Batting: RHB Pedro Santos 0-0: Ball
1-0: Called Strike
1-1: Called Strike
1-2: Strikes out swinging
Top of the 3rd over - 0 runs, 0 hits, 0 errors, 1 left on base; Grafton 0 - Ft. Worth 1
BOTTOM OF THE 3RD
Ft. Worth Cattlemen batting - Pitching for Grafton Middies : LHP António Muńóz
Batting: LHB Jesús Morales 0-0: Ball
1-0: Called Strike
1-1: Swinging Strike
1-2: Foul Ball, location: 2F
1-2: Strikes out swinging
Batting: LHB Chris Etheridge 0-0: Ball
1-0: Called Strike
1-1: Ball
2-1: SINGLE (Groundball, 4MD)
Batting: RHB Bart Lewis 0-0: Ball
1-0: Ball
2-0: Foul Ball, location: 2F
2-1: Ball
3-1: Swinging Strike
3-2: Foul Ball, location: 2F
3-2: SINGLE (Groundball, 5D)
Chris Etheridge to second
Runner from 2nd tries for 3rd, SAFE, no throw
Batting: RHB Gilberto Juárez 0-0: Called Strike
0-1: Ball
1-1: Called Strike
1-2: Ball
2-2: Ball
3-2: 3-RUN HOME RUN (Flyball, 9LD), Distance : 357 ft
Batting: RHB Abílio Conceio 0-0: Called Strike
0-1: Foul Ball, location: 2F
0-2: Ball
1-2: Foul Ball, location: 2F
1-2: Fly out, F8 (Flyball, 8LS)
Batting: SHB Robby Day 0-0: Called Strike
0-1: Called Strike
0-2: Ball
1-2: Foul Ball, location: 2F
1-2: Ball
2-2: Ball
3-2: Ground out 5-3 (Groundball, 5S)
Bottom of the 3rd over - 3 runs, 3 hits, 0 errors, 0 left on base; Grafton 0 - Ft. Worth 4
TOP OF THE 4TH
Grafton Middies batting - Pitching for Ft. Worth Cattlemen : RHP Mack MacDonald
Batting: RHB Carlos Maldonado 0-0: Called Strike
0-1: Swinging Strike
0-2: Ball
1-2: Foul Ball, location: 2F
1-2: Strikes out swinging
Batting: LHB Mario Ramos 0-0: Called Strike
0-1: Swinging Strike
0-2: Strikes out swinging
Batting: LHB Jorge Flores 0-0: Ball
1-0: Foul Ball, location: 2F
1-1: Ball
2-1: Reached on error, E3 (Groundball, 34)
Batting: RHB Stefano Gaddi 0-0: Ball
1-0: Called Strike
1-1: Ball
2-1: Ball
3-1: Foul Ball, location: 2F
3-2: Ground out 4-3 (Groundball, 34D)
Top of the 4th over - 0 runs, 0 hits, 1 error, 1 left on base; Grafton 0 - Ft. Worth 4
BOTTOM OF THE 4TH
Ft. Worth Cattlemen batting - Pitching for Grafton Middies : LHP António Muńóz
Batting: LHB Nobuo Yamashita 0-0: Called Strike
0-1: Swinging Strike
0-2: Ground out 4-3 (Groundball, 4MD)
Batting: LHB Rick Mayfield 0-0: Ball
1-0: Ground out 4-3 (Groundball, 34D)
Batting: RHB Orlando Montoya 0-0: Foul Ball, location: 2F
0-1: Fly out, F7 (Line Drive, 7)
Bottom of the 4th over - 0 runs, 0 hits, 0 errors, 0 left on base; Grafton 0 - Ft. Worth 4
TOP OF THE 5TH
Grafton Middies batting - Pitching for Ft. Worth Cattlemen : RHP Mack MacDonald
Batting: RHB Cristo González 0-0: Called Strike
0-1: Fly out, F6 (Line Drive, 6)
Batting: RHB Dave Ash 0-0: Ball
1-0: SINGLE (Groundball, 6MD)
Batting: LHB John Meléndez 0-0: Ball
1-0: Ball
2-0: Called Strike
2-1: Ball
3-1: Base on Balls
Dave Ash to second
Batting: LHB Phil MacNamara 0-0: Fielders Choice at 2nd, 6-4 (Groundball, 56)
Dave Ash to third
Batting: RHB Pedro Santos 0-0: Called Strike
0-1: Foul Ball, location: 2F
0-2: Ball
1-2: Ball
2-2: Ball
3-2: Ground out 6-3 (Groundball, 6)
Top of the 5th over - 0 runs, 1 hit, 0 errors, 2 left on base; Grafton 0 - Ft. Worth 4
BOTTOM OF THE 5TH
Ft. Worth Cattlemen batting - Pitching for Grafton Middies : LHP António Muńóz
Batting: LHB Jesús Morales 0-0: Called Strike
0-1: Ball
1-1: Ground out U3 (Groundball, 34S)
Batting: LHB Chris Etheridge 0-0: Called Strike
0-1: Called Strike
0-2: Foul Ball, location: 2F
0-2: Strikes out swinging
Batting: RHB Bart Lewis 0-0: Ball
1-0: SINGLE (Line Drive, 89S)
Batting: RHB Gilberto Juárez 0-0: Called Strike
0-1: 2-RUN HOME RUN (Flyball, 7LD), Distance : 369 ft
Batting: RHB Abílio Conceio 0-0: Ball
1-0: Ball
2-0: Ball
3-0: Called Strike
3-1: Base on Balls
Pitching: RHP Bob Browning
Batting: SHB Robby Day 0-0: Foul Ball, location: 2F
0-1: Ball
1-1: Swinging Strike
1-2: Strikes out swinging
Bottom of the 5th over - 2 runs, 2 hits, 0 errors, 1 left on base; Grafton 0 - Ft. Worth 6
TOP OF THE 6TH
Grafton Middies batting - Pitching for Ft. Worth Cattlemen : RHP Mack MacDonald
Batting: RHB Carlos Maldonado 0-0: Called Strike
0-1: Ball
1-1: Ball
2-1: SINGLE (Line Drive, 9LS)
Batting: LHB Mario Ramos 0-0: Ball
1-0: Foul Ball, location: 2F
1-1: Called Strike
1-2: Ball
2-2: Ball
3-2: Base on Balls
Carlos Maldonado to second
Batting: LHB Jorge Flores 0-0: Called Strike
0-1: Ball
1-1: Foul Ball, location: 2F
1-2: Ball
2-2: Ball
3-2: Strikes out swinging
Batting: RHB Stefano Gaddi 0-0: Called Strike
0-1: Swinging Strike
0-2: Ball
1-2: Ball
2-2: Hit by Pitch
Carlos Maldonado to third
Mario Ramos to second
Batting: RHB Cristo González 0-0: Called Strike
0-1: Grounds into double play, 6-4-3 (Groundball, 6)
Top of the 6th over - 0 runs, 1 hit, 0 errors, 2 left on base; Grafton 0 - Ft. Worth 6
BOTTOM OF THE 6TH
Ft. Worth Cattlemen batting - Pitching for Grafton Middies : RHP Bob Browning
Batting: LHB Nobuo Yamashita 0-0: Ground out 4-3 (Groundball, 4)
Batting: LHB Rick Mayfield 0-0: Called Strike
0-1: Called Strike
0-2: Foul Ball, location: 2F
0-2: Strikes out looking
Batting: RHB Orlando Montoya 0-0: Called Strike
0-1: Fly out, F9 (Flyball, 9S)
Bottom of the 6th over - 0 runs, 0 hits, 0 errors, 0 left on base; Grafton 0 - Ft. Worth 6
TOP OF THE 7TH
Grafton Middies batting - Pitching for Ft. Worth Cattlemen : RHP Mack MacDonald
Batting: RHB Dave Ash 0-0: Ball
1-0: Ball
2-0: Called Strike
2-1: Called Strike
2-2: Strikes out swinging
Batting: LHB John Meléndez 0-0: Ball
1-0: Called Strike
1-1: Fly out, F7 (Line Drive, 7)
Batting: LHB Phil MacNamara 0-0: Called Strike
0-1: Ball
1-1: Fly out, F5 (Line Drive, 5)
Top of the 7th over - 0 runs, 0 hits, 0 errors, 0 left on base; Grafton 0 - Ft. Worth 6
BOTTOM OF THE 7TH
Ft. Worth Cattlemen batting - Pitching for Grafton Middies : RHP Bob Browning
Batting: LHB Jesús Morales 0-0: Called Strike
0-1: Ball
1-1: Foul Ball, location: 2F
1-2: SINGLE (Groundball, 4D)
Batting: LHB Chris Etheridge 0-0: Foul Ball, location: 2F
0-1: Foul Ball, location: 2F
0-2: DOUBLE (Line Drive, 9LM)
Jesús Morales to third
Batting: RHB Bart Lewis 0-0: Ball
1-0: SINGLE (Line Drive, 78S)
Jesús Morales scores
Chris Etheridge to third
Runner from 3rd tries for Home, SAFE, no throw
Batting: RHB Gilberto Juárez 0-0: Ball
1-0: Fly out, F8 (Flyball, 8LM)
Batting: RHB Abílio Conceio 0-0: Fly out, F9 (Flyball, 9LD)
Batting: SHB Robby Day 0-0: Called Strike
Balk!
Bart Lewis to second
0-1: Foul Ball, location: 2F
0-2: Ball
1-2: Ball
2-2: 2-RUN HOME RUN (Flyball, 9D), Distance : 384 ft
Batting: LHB Nobuo Yamashita 0-0: Foul Ball, location: 2F
0-1: Swinging Strike
0-2: Ball
1-2: Foul Ball, location: 2F
1-2: Strikes out swinging
Bottom of the 7th over - 4 runs, 4 hits, 0 errors, 0 left on base; Grafton 0 - Ft. Worth 10
TOP OF THE 8TH
Grafton Middies batting - Pitching for Ft. Worth Cattlemen : RHP Mack MacDonald
Pitching: RHP Aaron Wise
Batting: RHB Pedro Santos 0-0: Foul Ball, location: 2F
0-1: Called Strike
0-2: Ball
1-2: Ball
2-2: Ball
3-2: Foul Ball, location: 2F
3-2: Foul Ball, location: 2F
3-2: Base on Balls
Batting: RHB Carlos Maldonado 0-0: Grounds into double play, 5-4-3 (Groundball, 56)
Batting: LHB Mario Ramos 0-0: Swinging Strike
0-1: Ball
1-1: Called Strike
1-2: Reached via error on a dropped throw, E3
Batting: LHB Jorge Flores 0-0: Ball
1-0: Foul Ball, location: 2F
1-1: Ball
2-1: Swinging Strike
2-2: Ball
3-2: Base on Balls
Mario Ramos to second
Batting: RHB Stefano Gaddi 0-0: Called Strike
0-1: Ball
1-1: SINGLE (Groundball, 56) (infield hit)
Mario Ramos to third
Jorge Flores to second
Batting: RHB Cristo González 0-0: Ball
1-0: Ground out 1-3 (Groundball, 13S)
Top of the 8th over - 0 runs, 1 hit, 1 error, 3 left on base; Grafton 0 - Ft. Worth 10
BOTTOM OF THE 8TH
Ft. Worth Cattlemen batting - Pitching for Grafton Middies : RHP Bob Browning
Batting: LHB Rick Mayfield 0-0: Ball
1-0: Ball
2-0: Ball
3-0: Called Strike
3-1: Swinging Strike
3-2: Fly out, F3 (Popup, 34)
Batting: RHB Orlando Montoya 0-0: Ball
1-0: Foul Ball, location: 2F
1-1: Foul Ball, location: 2F
1-2: Hit by Pitch
Batting: LHB Jesús Morales 0-0: Ball
1-0: Called Strike
Orlando Montoya steals 2nd base
1-1: Ball
2-1: Ball
3-1: Foul Ball, location: 2F
3-2: SINGLE (Flyball, 8RS)
Orlando Montoya to third
Runner from 3rd tries for Home, SAFE, no throw
Batting: LHB Chris Etheridge 0-0: Called Strike
0-1: Foul Ball, location: 2F
0-2: Ball
1-2: SINGLE (Line Drive, 89S)
Jesús Morales to second
Batting: RHB Bart Lewis Pickoff Throw to Second - Error! E1
Jesús Morales to third
Chris Etheridge to second
0-0: Foul Ball, location: 2F
0-1: Ball
1-1: Ground out 5-3 (Groundball, 56S)
Jesús Morales scores
Chris Etheridge to third
Batting: RHB Gilberto Juárez 0-0: Ball
1-0: Ball
2-0: Foul Ball, location: 2F
2-1: Foul Ball, location: 2F
2-2: Ball
3-2: Base on Balls
Batting: RHB Abílio Conceio 0-0: Ball
1-0: Called Strike
1-1: Called Strike
1-2: Foul Ball, location: 2F
1-2: Fielders Choice at 2nd, 6-4 (Groundball, 6)
Bottom of the 8th over - 2 runs, 2 hits, 1 error, 2 left on base; Grafton 0 - Ft. Worth 12
TOP OF THE 9TH
Grafton Middies batting - Pitching for Ft. Worth Cattlemen : RHP Aaron Wise
Now in LF: Ryan Westlake
Batting: RHB Dave Ash 0-0: Called Strike
0-1: Ball
1-1: Swinging Strike
1-2: Ball
2-2: Strikes out swinging
Batting: LHB John Meléndez 0-0: Ball
1-0: Ball
2-0: Foul Ball, location: 2F
2-1: Ball
3-1: Base on Balls
Batting: LHB Phil MacNamara 0-0: Fly out, F8 (Line Drive, 89M)
Batting: RHB Pedro Santos 0-0: Ball
1-0: Ball
2-0: Ball
3-0: Base on Balls
John Meléndez to second
Batting: RHB Carlos Maldonado 0-0: Ball
1-0: SINGLE (Groundball, 56D)
John Meléndez to third
Pedro Santos to second
Pinch Hitting: RHB Lúcio López Balk!
John Meléndez scores
Pedro Santos to third
Carlos Maldonado to second
0-0: Ball
1-0: Ball
2-0: Foul Ball, location: 2F
2-1: Called Strike
2-2: Foul Ball, location: 2F
2-2: Ground out 6-3 (Groundball, 6S)
Top of the 9th over - 1 run, 1 hit, 0 errors, 2 left on base; Grafton 1 - Ft. Worth 12
Tuesday, December 19th, 2017 - OOTP Baseball 18.8 Build 76